 Dungeon Crawl Stone Soup version 0.26.1-11-gd32895ea62 (webtiles) character file.

Game seed: 16647355568983329320

35 Zeld the Sneak (level 3, -1/24 HPs)
             Began as an Octopode Brigand on May 14, 2021.
             Slain by an adder (3 damage)
             ... on level 2 of the Dungeon.
             The game lasted 00:01:10 (1645 turns).

Zeld the Sneak (Octopode Brigand)                   Turns: 1645, Time: 00:01:10

Health: -1/24      AC:  1    Str: 11    XL:     3   Next: 35%
Magic:  4/4        EV: 13    Int: 13    God:
Gold:   60         SH:  0    Dex: 13    Spells: 4/4 levels left

rFire    . . .     SeeInvis .   d - +2 dagger (venom)
rCold    . . .     Faith    .   (no shield)
rNeg     . . .     Spirit   .   (helmet restricted)
rPois    .         Reflect  .   (no amulet)
rElec    .         Harm     .   (no ring)
rCorr    .         Rampage  .   (no ring)
Will     .....                  (no ring)
Stlth    ++++......             (no ring)
HPRegen  0.08/turn              (no ring)
MPRegen  0.09/turn              (no ring)
                                (no ring)
                                (no ring)

@: lethally poisoned (-1 -> -2)
A: almost no armour, stealthy swim, amphibious, 8 rings, constrict 8, camouflage
1, gelatinous body 1
a: no special abilities


You were on level 2 of the Dungeon.
You visited 1 branch of the dungeon, and saw 2 of its levels.

You collected 60 gold pieces.

Inventory:

Hand Weapons
 a - a +2 dagger
 d - a +2 dagger of venom (weapon)
Missiles
 b - 8 poisoned darts (quivered)
 c - 2 curare-tipped darts
Jewellery
 g - a cursed ring of attention {unknown}
Scrolls
 f - a scroll of amnesia {unknown}
 h - a scroll of enchant armour {unknown}
 i - 2 scrolls of magic mapping {unknown}
Potions
 e - a potion of curing {unknown}


   Skills:
 - Level 2.0 Fighting
 * Level 3.2 Short Blades
 - Level 2.0 Throwing
 - Level 1.0 Dodging
 - Level 5.3 Stealth
 + Level 1.2 Spellcasting


You had 4 spell levels left.
You didn't know any spells.
Your spell library was empty.

Dungeon Overview and Level Annotations

Branches:
Dungeon (2/15)

Altars:

Annotations:
D:2 Sigmund


Innate Abilities, Weirdness & Mutations

You cannot wear most types of armour.
You are very stealthy in the water. (Stealth+)
You are amphibious.
You can wear up to eight rings at the same time.
You can use your tentacles to constrict eight enemies at once.
Your skin changes colour to match your surroundings (Stealth+).
Your rubbery body absorbs attacks. (AC +1, EV +1)


Message History

You impale the kobold!!
You kill the kobold!
Sigmund the Dreaded comes into view.
He is wielding a +0 scythe.
A worm comes into view.
Sigmund shouts!
The adder hisses angrily.
The adder bites you. The adder bites you.
You are poisoned.
The adder poisons you!
You feel sick.
Sigmund points at you and mumbles some strange words.
The puff of flame hits you. Sigmund misses you. The adder bites you.
You feel sick.
Sigmund points at you and mumbles some strange words.
The magic dart hits you!
* * * LOW HITPOINT WARNING * * *
The adder closely misses you. The adder bites you.
You die...

.........+.......................
....w....#######.#########.#.#...
#..$..........##.# #.#.#.#.
..............##.# #.#.#.#.
.w............##.# #.#.#.##
..####........##.# #####.#.#.#
#........##.# #)......#.#
#........##.# #.......#.##
.##........##@# #.......#.#.
.............@.S.# ##......#.#.
#####..(..#####..# #......#.#.
#.....# #..# #........#. #.....#
#..# #......###. #.....# #...
#.......... #.....# .....
........#.#. #.....# ......
........#.#. #.....
..................#.


You could see Sigmund and an adder.

Vanquished Creatures
  An ooze (D:1)
  A dart slug (D:1)
  A leopard gecko (D:1)
  A giant cockroach (D:1)
  4 goblins
  7 hobgoblins (D:1)
  4 bats (D:1)
  2 frilled lizards
  2 kobolds
  3 rats (D:1)
26 creatures vanquished.

Vanquished Creatures (others)
  2 plants (D:1)
2 creatures vanquished.

Grand Total: 28 creatures vanquished

Notes
Turn   | Place    | Note
-------+----------+-------------------------------------------
     0 | D:1      | Zeld the Octopode Brigand began the quest for the Orb.
     0 | D:1      | Reached XP level 1. HP: 14/14 MP: 1/1
    83 | D:1      | Reached XP level 2. HP: 19/19 MP: 2/2
   283 | D:1      | Reached skill level 1 in Spellcasting
   496 | D:1      | Reached XP level 3. HP: 24/24 MP: 4/4
  1629 | D:2      | Noticed Sigmund
  1645 | D:2      | Slain by an adder

Illustrated notes

Levels and vault maps discovered:
D:1:      kennysheep_arrival_seaside, layout_basic
D:2:      layout_basic, lemuel_doored_altar, uniq_sigmund

Skill      XL: |  1  2 |
---------------+-------+-----
Spellcasting   | 1 |  1.2
Short Blades   | 3 |  3.2
Fighting       | |  2.0
Throwing       | |  2.0
Dodging        | |  1.0
Stealth        | |  5.3

Action                   || total
-------------------------++-------
Melee: Dagger            ||    54
       Constrict         ||    16
       Tentacles         ||     5
 Stab: Sleeping          ||    11
Armor: Skin              ||     3
Dodge: Dodged            ||    33
